Map: 2000 애트모스피어 - 래더

Players

Ryung

  • Race: Terran Terran
  • League: Grandmaster

Solar - Winner!

  • Race: Zerg Zerg
  • League: Master

VOD

Have the link to the VOD?

Description

Time

  • Played on: Oct. 21, 2021, 8:53 a.m.
  • Length: 12:41
Show
View Real Time Build Order
Export as new Build Order

Ryung Terran 

Build Orders: Liberator Opening 

Get SALT Encoding   

  12  0:00  SCV  
  13  0:12  SCV  
  14  0:17  Supply Depot  
  14  0:24  SCV  
  15  0:38  SCV  
  15  0:40  Barracks  
  16  0:42  Refinery  
  16  0:50  SCV  
  17  1:02  SCV  
  18  1:14  SCV  
  19  1:27  Barracks Reactor, Orbital Command  
  19  1:39  Command Center  
  19  1:50  Supply Depot  
  19  1:52  SCV  
  20  2:04  Factory  
  20  2:05  Marine, SCV  
  20  2:08  Marine  
  23  2:17  SCV  
  23  2:18  Refinery  
  24  2:22  Marine  
  24  2:25  Marine  
  24  2:29  SCV  
  27  2:40  Marine  
  27  2:41  SCV  
  27  2:43  Marine  
  30  2:49  Starport  
  30  2:51  Orbital Command  
  30  2:53  SCV  
  31  3:05  SCV  
  31  3:09  Hellion x2  
  31  3:10  Marine  
  37  3:15  Supply Depot  
  37  3:18  SCV x2  
  39  3:25  Medivac  
  41  3:28  Marine  
  41  3:32  SCV  
  41  3:34  Hellion  
  45  3:37  Hellion  
  45  3:39  Supply Depot  
  47  3:42  SCV  
  47  3:44  SCV  
  47  3:46  Barracks Tech Lab  
  49  3:54  SCV  
  50  3:55  Liberator  
  50  3:56  SCV  
  50  4:01  Hellion x2  
  58  4:04  Supply Depot  
  58  4:07  SCV  
  58  4:08  Marine, SCV  
  61  4:19  SCV  
  62  4:26  SCV, Command Center  
  62  4:28  Stimpack  
  63  4:31  Marine  
  63  4:35  Factory Reactor  
  64  4:42  Barracks  
  64  4:43  SCV x2  
  66  4:46  Barracks  
  66  4:47  Supply Depot, Starport Reactor  
  66  4:49  Marine  
  67  4:59  SCV x2  
  67  5:02  Engineering Bay  
  67  5:03  Engineering Bay  
  59  5:07  Marine  
  59  5:11  SCV x2  
  62  5:16  Refinery x2  
  57  5:23  Factory Reactor, SCV x2  
  57  5:25  Marine  
  60  5:30  Marine x2  
  60  5:31  Terran Infantry Weapons Level 1, Terran Infantry Armor Level 1  
  60  5:34  Barracks  
  60  5:35  Barracks, SCV x2  
  64  5:41  Orbital Command  
  64  5:44  Marine  
  64  5:45  Marine x2  
  64  5:47  SCV x2  
  64  5:48  Medivac  
  71  5:50  Medivac  
  71  5:54  Marine x2  
  75  6:01  Widow Mine x2  
  75  6:02  SCV  
  75  6:03  Supply Depot, SCV  
  81  6:05  Orbital Command  
  81  6:11  Combat Shield  
  81  6:13  Marine x4  
  81  6:14  Supply Depot  
  85  6:19  Medivac  
  85  6:22  Widow Mine  
  85  6:23  Widow Mine  
  85  6:25  Barracks Reactor x2  
  91  6:27  SCV  
  91  6:28  SCV  
  91  6:29  Marine  
  91  6:31  Marine  
  95  6:33  Medivac  
  95  6:36  SCV  
  95  6:37  Supply Depot  
  95  6:39  Supply Depot  
  98  6:43  Marine x3  
  98  6:44  Armory  
  101  6:47  Supply Depot  
  101  6:49  SCV x2  
  101  6:50  SCV  
  101  6:51  Marine  
  101  6:53  Marine  
  106  7:01  Marine x3  
  99  7:02  Marine  
  99  7:03  Marine  
  99  7:09  Marine x3  
  99  7:11  Marine  
  86  7:18  Marine x2  
  86  7:19  Marine  
  86  7:20  Marine  
  86  7:21  Marine  
  90  7:27  Marine x3  
  90  7:29  Marine  
  90  7:36  Marine x2  
  90  7:37  Marine x2  
  83  7:39  Marine, SCV  
  83  7:41  SCV x2  
  89  7:45  Marine x3  
  89  7:46  Marine  
  89  7:47  Widow Mine  
  89  7:49  Widow Mine  
  97  7:54  Marine x3  
  97  7:55  Marine  
  97  7:56  Terran Infantry Weapons Level 2  
  101  7:58  Terran Infantry Armor Level 2  
  101  8:04  SCV x3  
  104  8:06  Factory  
  104  8:09  Marine x4  
  104  8:12  Widow Mine  
  110  8:16  Widow Mine  
  108  8:22  Marine x4  
  110  8:28  Medivac x2  
  110  8:30  Terran Vehicle And Ship Armor Level 1  
  110  8:31  SCV x3  
  117  8:35  Supply Depot  
  117  8:36  Marine  
  117  8:37  Marine  
  117  8:38  Marine, Supply Depot  
  120  8:42  Marine x2  
  120  8:44  Marine x2  
  124  8:49  Widow Mine x2  
  114  8:57  Marine x5  
  114  9:00  Marine x2, Factory Tech Lab  
  114  9:01  Marine  
  118  9:10  Marine  
  118  9:12  Liberator  
  118  9:15  Marine x5  
  118  9:16  Liberator  
  128  9:24  Marine x3  
  128  9:27  Marine  
  128  9:28  Widow Mine  
  128  9:29  Widow Mine  
  136  9:31  Drilling Claws  
  136  9:42  Marine x6  
  142  9:49  Supply Depot x2, Widow Mine  
  144  9:56  Liberator  
  147  10:01  Liberator  
  137  10:07  Marine x8  
  137  10:08  Marauder  
  137  10:10  Widow Mine x2  
  151  10:25  Supply Depot x2  
  151  10:27  Command Center  
  150  10:31  Sensor Tower  
  150  10:37  Marine x8  
  158  10:44  Widow Mine x3  
  158  10:47  Liberator  
  165  10:50  Liberator  
  165  10:56  Marine x7  
  175  10:58  Marine  
  175  11:01  SCV x2  
  175  11:02  SCV  
  179  11:05  Marauder  
  179  11:09  Supply Depot  
  181  11:22  Marine x4  
  185  11:27  Marauder  
  185  11:31  Marine x2  
  185  11:35  Liberator x2  
  185  11:38  Marine x2  
  185  11:39  Marine x3  
  193  11:46  Widow Mine  
  193  11:47  Widow Mine  
  175  11:57  Marine x4  
  137  12:02  Marine x3, Marauder  
  136  12:11  Marine  
  136  12:15  Marine x3  
  122  12:17  Marine  
  122  12:20  Marine x3  
  122  12:22  SCV x3  
Show
View Real Time Build Order
Export as new Build Order

Solar Zerg - Winner!

Build Orders: Hatch First, Lurkers 

Get SALT Encoding   

  12  0:00  Drone  
  13  0:12  Overlord  
  13  0:17  Drone  
  14  0:31  Drone x2  
  16  0:47  Hatchery  
  15  0:51  Drone  
  15  0:54  Drone  
  17  0:57  Drone  
  18  1:08  Extractor  
  17  1:13  Spawning Pool  
  17  1:15  Drone  
  17  1:19  Drone  
  18  1:27  Drone  
  19  1:38  Drone  
  20  1:51  Drone  
  21  1:59  Queen x2  
  21  2:00  Zergling x4  
  27  2:10  Overlord  
  27  2:12  Drone  
  28  2:21  Hatchery  
  27  2:23  Drone  
  27  2:29  Drone  
  29  2:35  Queen  
  31  2:39  Metabolic Boost  
  31  2:42  Drone  
  32  2:45  Overlord  
  32  2:50  Drone  
  34  2:51  Drone  
  34  2:53  Drone  
  34  2:56  Drone  
  36  3:04  Drone  
  36  3:05  Drone  
  38  3:09  Drone x3  
  41  3:13  Queen  
  41  3:16  Overlord  
  43  3:20  Drone  
  43  3:26  Overlord  
  44  3:33  Queen  
  47  3:34  Drone x2  
  47  3:38  Zergling x2  
  47  3:40  Drone  
  50  3:41  Drone x3  
  50  3:44  Overlord  
  50  3:45  Zergling x2  
  50  3:46  Drone  
  55  3:52  Queen  
  55  3:54  Drone  
  58  3:57  Zergling x4  
  58  3:58  Zergling x2  
  61  4:03  Spore Crawler  
  61  4:04  Drone  
  61  4:05  Overlord  
  61  4:07  Zergling x2  
  61  4:12  Zergling x4  
  61  4:13  Drone x2  
  65  4:19  Zergling x4  
  65  4:20  Zergling x6  
  65  4:24  Queen  
  70  4:27  Overlord  
  72  4:33  Spore Crawler  
  72  4:34  Drone  
  72  4:35  Drone x4  
  73  4:39  Drone  
  73  4:43  Drone x2  
  73  4:44  Drone  
  73  4:45  Drone  
  78  4:49  Lair  
  78  4:51  Baneling Nest  
  77  4:54  Drone x2  
  77  4:56  Drone  
  74  5:02  Drone  
  74  5:03  Drone x2  
  77  5:07  Drone x6  
  77  5:11  Overlord  
  77  5:12  Extractor x2  
  81  5:14  Drone  
  81  5:17  Overlord  
  81  5:18  Overlord  
  82  5:24  Evolution Chamber  
  82  5:25  Evolution Chamber  
  82  5:26  Overlord  
  82  5:28  Drone x2  
  82  5:31  Drone x2  
  82  5:35  Drone x3  
  87  5:37  Drone  
  87  5:38  Drone  
  89  5:43  Extractor  
  89  5:44  Drone, Extractor  
  89  5:48  Centrifugal Hooks  
  88  5:52  Hatchery  
  88  5:54  Drone x5  
  88  5:56  Drone  
  93  5:59  Overlord  
  93  6:00  Zergling x4  
  95  6:08  Zerg Melee Weapons Level 1, Zerg Ground Armor Level 1  
  95  6:10  Zergling x12  
  101  6:14  Overlord  
  101  6:16  Drone x2  
  101  6:17  Pneumatized Carapace  
  102  6:23  Zergling x6  
  105  6:27  Zergling x2  
  105  6:28  Zergling x4  
  105  6:29  Overseer  
  105  6:30  Baneling x5  
  105  6:31  Baneling x2  
  105  6:32  Baneling  
  108  6:34  Zergling x6  
  111  6:43  Zergling x2  
  111  6:44  Zergling x14  
  111  6:46  Baneling x2  
  119  6:54  Drone  
  119  6:55  Drone x2  
  119  6:56  Drone  
  119  6:59  Zergling x4  
  120  7:05  Queen  
  120  7:06  Drone  
  113  7:09  Drone  
  113  7:11  Drone  
  113  7:12  Drone x7  
  117  7:16  Zergling x2  
  117  7:17  Zergling x2  
  117  7:18  Overlord  
  117  7:21  Drone  
  120  7:27  Zergling x4  
  119  7:30  Hatchery  
  119  7:34  Zergling x4  
  109  7:40  Zergling x4  
  109  7:41  Spore Crawler, Zergling x4  
  109  7:42  Extractor  
  109  7:44  Zergling x8  
  115  7:45  Baneling x3  
  115  7:46  Baneling x5  
  115  7:47  Baneling x4, Zergling x12  
  115  7:49  Overlord  
  121  7:54  Zergling x4  
  123  7:59  Baneling x2  
  123  8:00  Zergling x4  
  123  8:03  Overlord  
  123  8:05  Zergling x2  
  126  8:07  Zerg Ground Armor Level 2, Zerg Melee Weapons Level 2  
  126  8:08  Zergling x2  
  126  8:11  Zergling x2  
  128  8:13  Baneling x4  
  128  8:16  Zergling x10  
  128  8:19  Zergling x2  
  132  8:20  Zergling x4  
  132  8:24  Drone x7, Infestation Pit, Hydralisk Den  
  132  8:25  Hatchery, Extractor  
  132  8:26  Overlord  
  134  8:29  Baneling x5  
  134  8:30  Drone x2, Baneling x4  
  134  8:33  Zergling x2  
  137  8:35  Baneling x4  
  137  8:36  Baneling  
  137  8:38  Zergling x4  
  137  8:39  Overseer  
  137  8:40  Zergling x2  
  140  8:46  Zergling x4  
  140  8:48  Drone  
  142  8:50  Overlord  
  142  8:51  Zergling x2  
  131  8:56  Zergling x10  
  131  8:58  Zergling x12  
  131  9:02  Hive  
  141  9:04  Grooved Spines, Hydralisk x6  
  141  9:05  Lurker Den  
  141  9:06  Drone  
  153  9:10  Overlord  
  153  9:12  Spore Crawler  
  153  9:16  Zergling x6  
  152  9:22  Zergling x4  
  151  9:24  Burrow  
  151  9:25  Drone x3  
  151  9:28  Hydralisk  
  151  9:31  Extractor  
  155  9:33  Baneling x2  
  155  9:35  Zergling x20  
  155  9:37  Zergling x2  
  166  9:39  Overlord  
  166  9:42  Zergling x2  
  166  9:43  Zergling x6  
  169  9:48  Zergling x2  
  169  9:50  Zergling x2  
  169  9:52  Overlord  
  171  9:54  Zergling x6  
  174  10:02  Hatchery  
  174  10:05  Zergling x16  
  173  10:07  Zergling x12  
  173  10:10  Hydralisk x3  
  173  10:11  Hydralisk x2  
  173  10:12  Baneling x2  
  188  10:15  Viper, Muscular Augments  
  188  10:17  Adrenal Glands, Seismic Spines  
  188  10:19  Viper  
  188  10:21  Drone x4  
  195  10:25  Zergling x2  
  198  10:36  Overlord  
  198  10:40  Zergling x4  
  199  10:51  Hatchery  
  198  10:58  Baneling x6  
  198  11:01  Drone  
  199  11:10  Baneling x2  
  199  11:14  Adaptive Talons  
  198  11:30  Zergling x24  
  199  11:33  Baneling x8  
  199  11:34  Baneling x13  
  177  11:55  Hydralisk x3  
  177  11:57  Zergling x10  
  177  11:58  Zergling x14  
  177  11:59  Zergling x2  
  174  12:03  Zergling x30  
  174  12:05  Overseer  
  182  12:08  Overseer  
  182  12:09  Zergling x6  
  173  12:16  Zergling x10  
  173  12:18  Zergling x2  
  173  12:20  Lurker x6  
  173  12:21  Lurker  
  189  12:23  Baneling x6  
Tags
 
Add a new tag
Caveats
  • Supply blocks, unpowered buildings, or Contaminate may cause inaccurate times.
  • Supply counts are checked every 10 seconds.